 Dungeon Crawl Stone Soup version 0.32-a0-290-g598725c5f2 (webtiles) character file.

Game seed: 2642488494155512888

53 CougarLife the Digger (level 3, -1/19 HPs)
             Began as a Gargoyle Earth Elementalist on Feb 14, 2024.
             Slain by a gnoll
             ... wielding a +0 club
              (8 damage)
             ... on level 2 of the Dungeon.
             The game lasted 00:00:28 (802 turns).

CougarLife the Digger (Gargoyle Earth Elementalist)  Turns: 802, Time: 00:00:28

Health: -1/19      AC:  5    Str: 11    XL:     3   Next: 89%
Magic:  1/7        EV: 11    Int: 17    God:
Gold:   60         SH:  0    Dex: 10    Spells: 6/7 levels left

rFire   . . .        (no weapon)
rCold   . . .        (no shield)
rNeg    + . .        a - +0 robe
rPois   ∞            (no helmet)
rElec   +            (no cloak)
rCorr   .            (no gloves)
SInv    .            (no boots)
Will    .....        (no amulet)
Stlth   ++           (no ring)
HPRegen 0.23/turn    (no ring)
MPRegen 0.10/turn

%: no passive effects
@: no status effects
A: sickness immunity, AC +3, negative energy resistance 1, electricity
resistance, torment resistance 1, petrification resistance
a: no special abilities


You were on level 2 of the Dungeon.
You visited 1 branch of the dungeon, and saw 2 of its levels.

You collected 60 gold pieces.

Inventory:

Armour
 a - a +0 robe (worn)
Scrolls
 c - a scroll of blinking {unknown}
 d - 2 scrolls of identify {unknown}
Potions
 b - a potion of magic
 e - 2 potions of degeneration {unknown}
 f - a potion of resistance {unknown}
 g - a potion of might {unknown}


   Skills:
 - Level 1.5 Dodging
 - Level 2.1 Stealth
 + Level 2.7 Spellcasting
 + Level 2.3 Conjurations
 + Level 4.4 Earth Magic


You had 6 spell levels left.
You knew the following spells:

 Your Spells              Type           Power      Damage    Failure   Level
a - Sandblast             Erth           34%        2d9       3%          1

Your spell library contained the following spells:

 Spells                   Type           Power      Damage    Failure   Level
 Passwall                 Erth           17%        N/A       9%          3
 Stone Arrow              Conj/Erth      26%        3d8       14%         3
 Brom's Barrelling Bould  Conj/Erth      13%        2d4       41%         4
 Petrify                  Alch/Erth      9%         N/A       58%         4


Dungeon Overview and Level Annotations

Branches:
Dungeon (2/15)

Altars:


Innate Abilities, Weirdness & Mutations

You are immune to sickness and miasma.
Your stone body is resilient. (AC +3)
You are immune to poison.
You resist negative energy. (rN+)
You are resistant to electric shocks. (rElec)
You are resistant to unholy torment.
You are immune to petrification.


Message History

e - 2 fuming green potions (gained 1)
Found a chain mail.
A giant cockroach and a gnoll come into view.
The blast of sand hits the giant cockroach.
The giant cockroach is heavily wounded.
The giant cockroach bites you.
You hit the giant cockroach but do no damage.
The giant cockroach is heavily wounded.
A gnoll comes into view.
It is wielding a +0 whip and quivering a throwing net.
The giant cockroach closely misses you.
The blast of sand hits the giant cockroach!
You kill the giant cockroach!
The gnoll shouts!
You hear a shout! x2
A gnoll comes into view. It is wielding a +0 club.
A gnoll comes into view. It is wielding a +0 flail.
The blast of sand hits the gnoll!
The gnoll is almost dead.
The blast of sand hits the gnoll.
The gnoll is almost dead.
The gnoll barely misses you. The gnoll hits you but does no damage.
The gnoll closely misses you.
The blast of sand hits the gnoll!
You kill the gnoll!
The gnoll throws a stone.
The stone hits you. The gnoll barely misses you.
The gnoll hits you with a +0 club!
The blast of sand hits the gnoll.
The gnoll is moderately wounded.
The gnoll closely misses you. The gnoll misses you.
The gnoll hits you with a +0 club. The gnoll closely misses you.
You are too injured to fight recklessly!
You are too injured to fight recklessly!
You are too injured to fight recklessly!
Number of times to repeat, then command key: You must enter the number of times for the command to repeat.
The gnoll throws a stone.
The stone barely misses you.
The gnoll throws a throwing net.
The throwing net misses you. The gnoll misses you.
You see here a throwing net.
The gnoll hits you with a +0 club!
You die...

#..#### ..... ....
#
#######.#########
#.#...............
#.......#.###..[
#.##....#..(#†# #
##.#....@gg.#
#<....#...g..#
#.....#.###...#
#..#.##.# ....#
#.....#.# ....#
#######.# ...##
... ..## #.# .##


You could see 3 gnolls.

Vanquished Creatures
  2 gnolls
  5 ball pythons (D:1)
  A bat (D:1)
  4 giant cockroaches
  4 hobgoblins (D:1)
  A kobold (D:1)
  2 rats (D:1)
19 creatures vanquished.

Notes
Turn   | Place    | Note
-------+----------+-------------------------------------------
     0 | D:1      | CougarLife the Gargoyle Earth Elementalist began the quest
                  | for the Orb.
     0 | D:1      | Reached XP level 1. HP: 10/10 MP: 3/3
   165 | D:1      | Reached XP level 2. HP: 15/15 MP: 1/5
   270 | D:1      | Reached skill level 4 in Earth Magic
   402 | D:1      | Reached XP level 3. HP: 19/19 MP: 4/6
   802 | D:2      | Slain by a gnoll

Illustrated notes

Levels and vault maps discovered:
D:1:      ldierk_walled_garden_2, layout_loops_cross
D:2:      layout_basic, minivault_19, guppyfry_early_orc_mine

Skill      XL: |  1  2 |
---------------+-------+-----
Earth Magic    | 4 |  4.4
Conjurations   | 2 |  2.3
Dodging        | |  1.5
Stealth        | |  2.1
Spellcasting   | |  2.7

Action                     || total
---------------------------++-------
  Melee: Unarmed           ||    10
   Cast: Sandblast         ||    30
 Armour: Robe              ||    21
  Dodge: Dodged            ||    30

Table legend: (Time is in decaauts)
 A = Elapsed time spent in this place.
 B = Non-inter-level travel time spent in this place.
 C = Inter-level travel time spent in this place.
 D = Time resting spent in this place.
 E = Time spent auto-exploring this place.
 F = Levels seen in this place.
 G = Mean time per level.
                   A        B        C        D        E       F      G
               +--------+--------+--------+--------+--------+-----+--------+
         Total |    818 |    780 |     38 |      0 |    678 |   2 |  409.0 |
       Dungeon |    818 |    780 |     38 |      0 |    678 |   2 |  409.0 |
               +--------+--------+--------+--------+--------+-----+--------+

Top non-repeatable levels by time:
     D:1: 785 daAuts
     D:2: 32 daAuts
